 Dungeon Crawl Stone Soup version 0.30.1-3-gfc49f6343a (webtiles) character file.

Game seed: 6512799179145324906

120 booth the Ducker (level 5, 0/37 HPs)
             Began as a Djinni Fire Elementalist on July 27, 2023.
             Slain by a lemure (6 damage)
             ... led by Pikel
             ... on level 4 of the Dungeon.
             The game lasted 00:16:30 (2346 turns).

booth the Ducker (Djinni Fire Elementalist)         Turns: 2346, Time: 00:16:31

Health: 0/37       AC:  5    Str:  6 (7)  XL:     5   Next: 25%
Gold:   152        EV: 13    Int: 17 (18) God:
                   SH:  0    Dex: 13 (14)

rFire   + + .        c - +1 dagger
rCold   . . .        (no shield)
rNeg    . . .        a - +0 robe
rPois   ∞            (helmet currently unavailable)
rElec   .            p - +2 cloak
rCorr   .            (no gloves)
SInv    .            (boots unavailable)
Will    +....        (no amulet)
Stlth   ++           d - ring of willpower
HPRegen 0.26/turn    h - ring of protection from cold
MPRegen 0.00/turn

%: infuse magic (-1 HP)
@: appendages (expiring), flying
A: horns 2, flying, sickness immunity, fire resistance 2, cold vulnerability 1,
float, innate caster, HP casting, extra vitality 1
a: End Transformation


You were on level 4 of the Dungeon.
You had temporarily grown beastly horns.
You visited 1 branch of the dungeon, and saw 4 of its levels.

You collected 152 gold pieces.

Inventory:

Hand Weapons
 c - a +1 dagger (weapon)
 j - a +0 quarterstaff
Missiles
 i - 5 poisoned darts (quivered)
Armour
 a - a +0 robe (worn)
 p - a +2 cloak (worn)
Jewellery
 d - a ring of willpower (left hand)
 h - a ring of protection from cold (right hand)
Potions
 e - 2 potions of attraction
 g - a potion of haste
 k - a potion of heal wounds {unknown}
 l - a potion of mutation {unknown}
 m - a potion of might {unknown}


   Skills:
 + Level 1.4 Fighting
 + Level 3.2 Dodging
 + Level 2.5 Stealth
 * Level 3.2 Spellcasting


You knew the following spells:

 Your Spells              Type           Power      Damage    Failure   Level
a - Foxfire               Conj/Fire      52%        2x1d6     4%          1
b - Scorch                Fire           26%        2d6       7%          2
c - Volatile Blastmotes   Fire/Tloc      26%        2d12      14%         3
d - Inner Flame           Hex/Fire       13%        N/A       14%         3
e - Flame Wave            Conj/Fire      13%        2d6       41%         4
f - Beastly Appendage     Tmut           26%        N/A       4%          1
g - Wereblood             Tmut           13%        N/A       7%          2
Your spell library was empty.

Dungeon Overview and Level Annotations

Branches:
Dungeon (4/15)
 Temple: D:4-7

Altars:
Makhleb
Wu Jian


Innate Abilities, Weirdness & Mutations

You have temporarily grown beastly horns.
You are flying.
You are immune to sickness and miasma.
You are immune to poison.
Your flesh is very heat resistant. (rF++)
You are vulnerable to cold. (rC-)
You float through the air rather than walking.
You learn spells naturally, not from books.
Your magical power is your life essence.
You have superior vitality. (+4 MHP)


Message History

Aim: a lemure (inner flame, 47% to hit)
You throw a poisoned dart.
The poisoned dart closely misses the lemure.
The poisoned dart closely misses the lemure.
The poisoned dart hits the lemure.
The lemure is poisoned.
The lemure barely misses you. x2
Throw: 9 darts (poison)
Press: ? - help, Q - select action, (/) - cycle Shift-Dir - straight line, f/p - lemure
Aim: a lemure (inner flame, 47% to hit)
You throw a poisoned dart.
The poisoned dart closely misses the lemure.
The poisoned dart completely misses the lemure.
The poisoned dart hits the lemure.
The lemure looks even sicker.
The lemure is lightly wounded.
The lemure hits you but does no damage. The lemure closely misses you.
Throw: 8 darts (poison)
Press: ? - help, Q - select action, (/) - cycle Shift-Dir - straight line, f/p - lemure
Aim: a lemure (inner flame, 47% to hit)
You throw a poisoned dart.
The poisoned dart barely misses the lemure.
The poisoned dart closely misses the lemure.
The poisoned dart barely misses the lemure.
The lemure hits you. x2
* * * LOW HITPOINT WARNING * * *
Throw: 7 darts (poison)
Press: ? - help, Q - select action, (/) - cycle Shift-Dir - straight line, f/p - lemure
Aim: a lemure (inner flame, 47% to hit)
You throw a poisoned dart. The poisoned dart misses the lemure.
The poisoned dart hits the lemure.
The lemure is poisoned.
Your transformation is almost over.
The lemure closely misses you. x2
Throw: 6 darts (poison)
Press: ? - help, Q - select action, (/) - cycle Shift-Dir - straight line, f/p - lemure
Aim: a lemure (inner flame, poisoned, 47% to hit)
You throw a poisoned dart. The poisoned dart hits the lemure.
The lemure hits you.
You die...

###. #.# ...
... #.# ..(.
.# ... #.#
... ... ..
#.#...
....#.###.#.#
..... ....
#..##5#
#(555@#
#..#### #..
#.K #.. .§.
.... ....


You could see 4 lemures.

Vanquished Creatures
  2 cerulean imps (D:3)
  A gnoll (D:2)
  An adder (D:2)
  A dart slug (D:3)
  An orc (D:3)
  7 bats
  6 endoplasms
  A giant cockroach (D:1)
  2 goblins (D:1)
  3 hobgoblins (D:2)
  5 kobolds
  2 quokkas (D:1)
  A ball python (D:3)
  3 frilled lizards
  2 rats
38 creatures vanquished.

Vanquished Creatures (others)
  64 foxfires
64 creatures vanquished.

Grand Total: 102 creatures vanquished

Notes
Turn   | Place    | Note
-------+----------+-------------------------------------------
     0 | D:1      | booth the Djinni Fire Elementalist began the quest for the
                  | Orb.
     0 | D:1      | booth set off with the following spells memorised: Foxfire,
                  | Scorch, Volatile Blastmotes, Inner Flame, Flame Wave.
     0 | D:1      | Reached XP level 1. HP: 15/15 MP: 0/0
   240 | D:1      | Reached XP level 2. HP: 20/21 MP: 0/0
   801 | D:2      | Reached XP level 3. HP: 22/25 MP: 0/0
   801 | D:2      | Learned a level 1 spell: Beastly Appendage
  1364 | D:2      | Reached XP level 4. HP: 31/31 MP: 0/0
  1753 | D:3      | Reached skill level 1 in Fighting
  2004 | D:3      | Found a burning altar of Makhleb.
  2088 | D:3      | Reached XP level 5. HP: 34/37 MP: 0/0
  2088 | D:3      | Learned a level 2 spell: Wereblood
  2172 | D:3      | Found an ornate altar of the Wu Jian Council.
  2325 | D:4      | Noticed a lemure
  2330 | D:4      | Noticed a lemure
  2334 | D:4      | Noticed a lemure
  2336 | D:4      | Noticed a lemure
  2346 | D:4      | Slain by a lemure

Illustrated notes

Levels and vault maps discovered:
D:1:      kennysheep_arrival_seaside, layout_basic, hangedman_decor_growths
D:2:      layout_loops_ring, minmay_hexomino_p4
D:3:      layout_basic, demons_altar, nzn_wu_jian_contemplation,
          minmay_strange_pillars
D:4:      layout_basic, jmf_multi_god_temple, uniq_pikel

Skill      XL: |  1  2  3  4 |
---------------+-------------+-----
Stealth        | 2 |  2.5
Fighting       | 1 |  1.4
Spellcasting   | 3 |  3.2
Dodging        | 3 |  3.2

Action                     |  1- 3 |  4- 6 || total
---------------------------+-------+-------++-------
  Melee: Unarmed           |     2 |       ||     2
         Dagger            |    28 |    16 ||    44
         Punch             |     1 |       ||     1
  Throw: Dart              |       |     9 ||     9
   Cast: Foxfire           |    27 |    13 ||    40
         Scorch            |     3 |     5 ||     8
         Volatile Blastmot |     1 |     1 ||     2
         Inner Flame       |       |     1 ||     1
         Beastly Appendage |       |     1 ||     1
  Evoke: Wand              |       |     5 ||     5
    Use: Scroll            |       |    10 ||    10
         Potion            |       |     4 ||     4
   Stab: Sleeping          |     1 |       ||     1
 Armour: Robe              |     5 |    10 ||    15
  Dodge: Dodged            |    15 |    20 ||    35
